Map: Prion Terraces

Players

ILLBdA

  • Race: Protoss Protoss
  • League: Diamond

tokka - Winner!

  • Race: Terran Terran
  • League: Diamond

VOD

Have the link to the VOD?

Description

Time

  • Played on: Dec. 23, 2015, 8:48 a.m.
  • Length: 7:49
Show
View Real Time Build Order
Export as new Build Order

ILLBdA Protoss 

Build Orders: Cannon Rush 

Get SALT Encoding   

  12  0:01  Probe (Chrono Boost)  
  13  0:11  Probe (Chrono Boost)  
  14  0:18  Pylon  
  14  0:22  Probe (Chrono Boost)  
  15  0:36  Probe (Chrono Boost)  
  15  0:38  Forge  
  16  0:46  Probe (Chrono Boost)  
  18  0:57  Probe (Chrono Boost)  
  18  1:07  Probe (Chrono Boost)  
  19  1:12  Pylon  
  19  1:19  Pylon  
  19  1:21  Pylon  
  19  1:24  Pylon  
  19  1:38  Photon Cannon  
  19  1:39  Photon Cannon  
  19  1:47  Photon Cannon  
  19  1:48  Photon Cannon  
  19  1:51  Pylon  
  19  2:01  Photon Cannon  
  18  2:03  Probe (Chrono Boost)  
  18  2:16  Probe (Chrono Boost)  
  18  2:19  Gateway  
  18  2:21  Assimilator  
  19  2:29  Probe (Chrono Boost)  
  20  2:32  Assimilator  
  20  2:33  Pylon  
  20  2:39  Probe (Chrono Boost)  
  21  2:54  Probe (Chrono Boost)  
  22  3:07  Cybernetics Core, Zealot  
  22  3:10  Probe (Chrono Boost)  
  25  3:30  Nexus  
  25  3:43  Pylon  
  25  3:44  Stalker  
  25  3:45  Warp Gate  
  27  3:49  Mothership Core (Chrono Boost)  
  29  4:04  Stargate  
  29  4:13  Probe (Chrono Boost)  
  29  4:14  Stalker  
  32  4:24  Probe (Chrono Boost)  
  33  4:32  Photon Cannon  
  33  4:34  Probe (Chrono Boost)  
  34  4:45  Probe (Chrono Boost)  
  35  4:47  Oracle (Chrono Boost)  
  35  4:49  Probe (Chrono Boost)  
  39  4:56  Probe  
  39  4:57  Pylon  
  39  4:59  Probe  
  41  5:08  Probe  
  41  5:12  Probe  
  42  5:18  Photon Cannon  
  42  5:21  Phoenix (Chrono Boost)  
  45  5:27  Probe x2  
  45  5:43  Phoenix (Chrono Boost)  
  45  5:48  Stalker  
  43  5:51  Probe  
  43  5:52  Probe  
  39  6:01  Mothership Core  
  39  6:06  Phoenix (Chrono Boost)  
  37  6:20  Stalker  
  37  6:21  Probe  
  40  6:43  Phoenix (Chrono Boost)  
  40  6:44  Probe  
  40  6:45  Probe  
  44  6:52  Stalker  
  46  6:56  Probe, Pylon  
  46  6:57  Probe  
  48  7:03  Pylon  
  50  7:08  Phoenix (Chrono Boost)  
  50  7:18  Twilight Council  
  50  7:25  Gateway  
  50  7:29  Gateway  
  43  7:47  Pylon  
Show
View Real Time Build Order
Export as new Build Order

tokka Terran - Winner!

Build Orders: MMM Bio 

Get SALT Encoding   

  12  0:00  SCV  
  13  0:13  SCV  
  14  0:17  Supply Depot  
  14  0:25  SCV  
  15  0:39  SCV, Barracks  
  16  0:45  Refinery  
  16  0:51  SCV  
  17  1:03  SCV  
  18  1:15  SCV  
  19  1:28  Bunker  
  19  1:30  Marine  
  20  1:36  Orbital Command  
  20  1:52  Marine  
  21  2:10  Marine  
  20  2:21  SCV  
  21  2:28  Marine  
  20  2:33  SCV  
  19  2:46  Marine  
  19  2:50  Factory  
  20  2:53  Refinery  
  20  2:54  SCV  
  21  3:04  Marine  
  22  3:06  SCV  
  22  3:10  Supply Depot  
  23  3:18  Barracks  
  23  3:27  Supply Depot  
  23  3:28  Barracks Tech Lab  
  23  3:32  SCV  
  24  3:41  Starport  
  24  3:45  SCV  
  25  3:55  Stimpack  
  25  3:58  SCV  
  25  4:02  Factory Reactor  
  26  4:10  SCV  
  26  4:11  Marine  
  26  4:12  Marine  
  29  4:20  Medivac  
  32  4:24  SCV  
  32  4:30  Supply Depot  
  32  4:43  Marine  
  33  4:48  Engineering Bay  
  33  4:50  Medivac  
  35  4:53  Marine x2  
  35  4:58  Widow Mine  
  39  5:01  SCV  
  39  5:04  Marine  
  41  5:11  Marine x2  
  41  5:13  SCV  
  44  5:20  Missile Turret  
  44  5:25  Starport Reactor  
  44  5:27  Factory Reactor  
  44  5:55  SCV  
  44  5:59  Combat Shields  
  43  6:05  Command Center  
  43  6:08  SCV  
  43  6:11  Marine x3  
  42  6:17  Widow Mine x2  
  47  6:27  Supply Depot  
  47  6:30  Supply Depot  
  47  6:38  Medivac  
  45  6:40  Medivac  
  47  6:48  Widow Mine  
  47  6:49  Widow Mine, Marine x3  
  54  7:00  SCV  
  55  7:01  Barracks  
  55  7:08  Medivac  
  55  7:10  Medivac  
  59  7:18  Orbital Command  
  59  7:22  SCV  
Tags
 
Composition
MMM Bio
Matchup
PvT
Replay Pack
me
Add a new tag
Caveats
  • Supply blocks, unpowered buildings, or Contaminate may cause inaccurate times.
  • Supply counts are checked every 10 seconds.